 Dungeon Crawl Stone Soup version 0.14.0-7-g2801ba0 (webtiles) character file.

28561 MDvedh the Protected (level 13, -1/80 HPs)
             Began as a Gargoyle Fighter on Apr 13, 2014.
             Was a High Priest of Okawaru.
             Slain by a thrashing horror (6 damage)
             ... on Level 1 of the Abyss.
             The game lasted 00:54:06 (15994 turns).

MDvedh the Protected (Gargoyle Fighter)            Turns: 15994, Time: 00:54:07

HP  -1/80        AC 39     Str 19 (20) XL: 13   Next: 35%
MP  17/22        EV 11     Int  8 (9)  God: Okawaru [*****.]
Gold 696         SH 16     Dex 18 (20) Spells:  0 memorised, 12 levels left

rFire  + . .     SeeInvis .     G - +3,+5 flail (protect)
rCold  + . .     Rnd*Rage +     e - +2 plate armour {MR+}
rNeg   + . .     Conserve .     N - +3 buckler "Khophif" {Dex+4 Int+3}
rPois  +         rCorr    +     y - +0 hat
rElec  +         rRot     +     L - +0 cloak
SustAb . .       Spirit   .     s - +0 pair of gloves
rMut   .         Warding  .     f - +2 pair of boots {Stlth+}
Saprov . . .     Rnd*Tele +     j - amulet of resist corrosion
MR     ++...                    x - ring of protection from magic
                                H - +2 ring of dexterity

@: non-regenerating, agile, very slightly contaminated, finesse, very resistant
to hostile enchantments, extremely unstealthy
A: berserk 1, blurry vision 2, deterioration 2, dopey 2, fast metabolism 3, low
mp 2, life protection 1, regeneration 1, screaming 2, electricity resistance,
slow healing 3, teleportitis 1, weak 2, unbreathing, petrification resistance,
AC +9
a: Heroism, Finesse, Renounce Religion


You were on level 1 of the Abyss.
You worshipped Okawaru.
Okawaru was extremely pleased with you.
You were not hungry.

You visited 2 branches of the dungeon, and saw 14 of its levels.
You visited the Abyss 1 time.

You collected 696 gold pieces.

Inventory:

Hand weapons
 h - the +8,+7 bow of Guile {flame, rN+ MR++, unknown}
   (You found it on level 1 of the Abyss)

   It turns projectiles fired from it into bolts of flame.
   It protects you from negative energy.
   It affects your resistance to hostile enchantments.
 t - a +1,+5 flail
 G - a +3,+5 flail of protection (weapon)
Missiles
 r - 3 silver tomahawks (quivered)
Armour
 e - a +2 plate armour of magic resistance (worn)
 f - a +2 pair of boots of stealth (worn)
 s - a +0 pair of gloves (worn)
 y - a +0 hat (worn)
 L - a +0 cloak (worn)
 N - the +3 buckler "Khophif" (worn) {Dex+4 Int+3}
   (Okawaru gifted it to you on level 1 of the Lair of Beasts)

   It affects your intelligence (+3).
   It affects your dexterity (+4).
Magical devices
 k - a wand of enslavement (11)
 l - a wand of confusion (23)
 m - a wand of lightning (5)
 B - a wand of fire (6)
Comestibles
 D - 2 meat rations
 F - 13 strawberries
 J - 10 bananas
Scrolls
 b - 2 scrolls of immolation
 u - 7 scrolls of remove curse
 w - a scroll of torment {unknown}
Jewellery
 c - an uncursed ring of teleport control
 j - an amulet of resist corrosion (around neck)
 x - a ring of protection from magic (right hand)
 H - a +2 ring of dexterity (left hand)
Potions
 a - 2 potions of invisibility
 g - a potion of flight
 o - a potion of degeneration {unknown}
 p - 2 potions of brilliance
 I - a potion of lignification {unknown}
Miscellaneous
 i - a fan of gales


   Skills:
 + Level 8.8 Fighting
 - Level 12.6 Maces & Flails
 - Level 14.1 Armour
 - Level 6.5 Shields
 - Level 11.6 Invocations


You had 12 spell levels left.
You didn't know any spells.

Dungeon Overview and Level Annotations

Branches:
Dungeon (10/15)            Temple (0/1) D:7            Lair (4/8) D:10
    Orc: D:9-12       Swamp: Lair:3-6    Shoals: Lair:3-6     Snake: Lair:3-6
 Spider: Lair:3-6

Altars:
Dithmenos
Elyvilon
Fedhas
Kikubaaqudgha
Makhleb
Okawaru
Sif Muna
Trog
Vehumet
Xom
Zin
The Shining One

Annotations:
D:3 Grinder; Tolias' ghost, average FoGl
D:4 1 exclusion
D:9 Erolcha
Lair:4 Bonarez's ghost, powerful OpAK


Innate Abilities, Weirdness & Mutations

You are resistant to torment.
You are immune to poison.
You are immune to rotting.
Your stone body is very resilient (AC +9).
You resist negative energy.
You are resistant to electric shocks.
You can survive without breathing.
You are immune to petrification.
Your natural rate of healing is unusually fast.
[You tend to lose your temper in combat.]
[Your vision is quite blurry.]
[Your body is deteriorating.]
[You are very dopey. (Int -4)]
[Your metabolism is lightning-fast.]
[Your magical capacity is very low (-20% MP).]
[You sometimes yell uncontrollably.]
[You do not heal naturally.]
[Space occasionally distorts in your vicinity.]
[You are very weak. (Str -4)]


Message History

Use which ability? (? or * to list)
You can now deal lightning-fast blows.
You feel somewhat more hungry. The thrashing horror barely misses you.
The thrashing horror closely misses you.
You block the quasit's attack.
The quasit claws you but does no damage.
The quasit misses you.
Some rock shatters into small pieces.
The thrashing horror roars!
The thrashing horror tramples you but does no damage.
The thrashing horror tramples you.
* * * LOW HITPOINT WARNING * * *
You hold your ground!
The quasit barely misses you.
The quasit claws you but does no damage.
You block the quasit's attack.
The quasit bites you but does no damage.
You block the quasit's attack. x2
A starcursed mass and a large abomination come into view.
The thrashing horror roars!
The thrashing horror tramples you.
You die...

. .t###
#### .
##..# #.#
#. ..# .#
##.# .##
..#..#.#..
#.t# ...
...#. .
X.# #.#
..## # # #
# ..##5#
#...
..#.t#
#.#.# ..#
#.. .
.2t##.# .#
#x#@# .
#.X.#
#5##..#
#.# .#.#
#.# ## X.
..# # #.#
#.# #.#


You could see a thrashing horror and a quasit.

Vanquished Creatures
  Maud (Lair:4)
  Gastronok (Lair:3)
  A green death (Abyss:1)
  3 hydras
  Nergalle (Lair:4)
  2 large abominations (Abyss:1)
  3 hill giants (D:10)
  4 elephants (Lair:2)
  3 black mambas
  3 spiny frogs
  An ancient zyme (Abyss:1)
  A komodo dragon (Lair:3)
  2 trolls
  A fire drake (Lair:4)
  A centaur skeleton (D:10)
  5 raiju (Abyss:1)
  A grizzly bear (Lair:2)
  2 basilisks
  A wyvern (D:8)
  A deep elf mage (D:10)
  26 yaks
  A wraith (Abyss:1)
  An elephant slug (Lair:3)
  The ghost of Bonarez the Caregiver, an average DDHe of Elyvilon (D:4)
  5 hippogriffs
  A hungry ghost (Abyss:1)
  A ynoxinul (Abyss:1)
  Edmund (D:8)
  2 orc warriors
  7 water moccasins
  4 necrophages
  6 small abominations (Abyss:1)
  7 porcupines
  A sky beast (D:5)
  2 black bears
  A yellow wasp (D:9)
  9 ice beasts
  2 phantoms
  2 centaurs
  2 ogres
  7 crocodiles
  Duvessa (D:5)
  A big kobold (D:10)
  A brain worm (Abyss:1)
  7 giant slugs
  6 giant frogs
  An eye of draining (D:10)
  4 scorpions
  11 killer bees (D:7)
  4 wights (D:9)
  2 goliath beetles
  An electric eel (Lair:2)
  Dowan (D:5)
  4 crimson imps
  2 jellies
  An orc priest (D:10)
  A giant frog skeleton (D:5)
  4 iguanas
  5 orc wizards
  Crazy Yiuf (D:4)
  A quasit (Abyss:1)
  4 hounds
  4 worker ants
  7 sheep (Lair:2)
  A hound zombie (D:6)
  A mummy (D:7)
  26 green rats
  A shadow imp (D:9)
  13 adders
  4 giant mites
  A goliath beetle zombie (D:5)
  An inept feature mimic (D:8)
  An ufetubus (Abyss:1)
  3 worms
  An adder zombie (D:6)
  2 giant eyeballs
  5 giant geckos
  15 orcs
  2 giant cockroaches
  12 hobgoblins
  21 jackals
  23 kobolds
  8 quokkas
  2 ball pythons (D:2)
  14 bats
  5 giant newts
  A giant spore (D:7)
  14 goblins
  An orc zombie (D:5)
  25 rats
  3 spectral orcs (Lair:4)
407 creatures vanquished.

Vanquished Creatures (others)
  A quasit (Abyss:1)
  A fungus (Lair:1)
  A plant (Lair:4)
  4 starspawn tentacles (Abyss:1)
  92 starspawn tentacle segments (Abyss:1)
99 creatures vanquished.

Grand Total: 506 creatures vanquished

Notes
Turn   | Place    | Note
--------------------------------------------------------------
     0 | D:1      | MDvedh, the Gargoyle Fighter, began the quest for the Orb.
     0 | D:1      | Reached XP level 1. HP: 14/14 MP: 1/1
    92 | D:1      | Reached XP level 2. HP: 14/19 MP: 2/2
   307 | D:1      | Reached XP level 3. HP: 16/23 MP: 3/3
   670 | D:2      | Reached skill level 4 in Maces & Flails
   735 | D:2      | Found a burning altar of Makhleb.
   735 | D:2      | Found an iron altar of Okawaru.
   736 | D:2      | Found an ancient bone altar of Kikubaaqudgha.
   742 | D:2      | Became a worshipper of Warmaster Okawaru
   912 | D:2      | Found a glowing silver altar of Zin.
  1139 | D:2      | Found a bloodstained altar of Trog.
  1185 | D:2      | Reached XP level 4. HP: 25/28 MP: 4/4
  1290 | D:2      | Reached skill level 5 in Maces & Flails
  1393 | D:3      | Noticed Grinder
  1393 | D:3      | Paralysed by Grinder for 4 turns
  1648 | D:3      | Noticed Tolias' ghost (average FoGl)
  2159 | D:4      | Reached XP level 5. HP: 28/32 MP: 5/5
  2469 | D:4      | Noticed Bonarez's ghost (average DDHe)
  2688 | D:4      | Killed Bonarez's ghost
  2688 | D:4      | Acquired Okawaru's first power
  2688 | D:4      | Reached skill level 7 in Maces & Flails
  2688 | D:4      | Reached XP level 6. HP: 30/37 MP: 6/6
  2734 | D:4      | Found a white marble altar of Elyvilon.
  3182 | D:4      | Got a smoking hammer
  3185 | D:4      | Noticed Crazy Yiuf
  3195 | D:4      | Killed Crazy Yiuf
  3242 | D:4      | Identified the cursed +0,-2 hammer of Wiedil {antimagic, rC- SInv} (You took it off a kobold on level 4 of the Dungeon)
  3362 | D:4      | Found a deep blue altar of Sif Muna.
  3456 | D:5      | Entered Level 5 of the Dungeon
  3548 | D:5      | Noticed Duvessa
  3580 | D:5      | Noticed Dowan
  3591 | D:5      | Killed Duvessa
  3591 | D:5      | Reached skill level 8 in Maces & Flails
  3591 | D:5      | Reached XP level 7. HP: 37/41 MP: 4/7
  3602 | D:5      | Killed Dowan
  3692 | D:5      | Found a glowing golden altar of the Shining One.
  4064 | D:5      | Reached skill level 9 in Maces & Flails
  4420 | D:6      | Reached XP level 8. HP: 34/46 MP: 5/8
  4560 | D:6      | Reached skill level 10 in Maces & Flails
  4793 | D:6      | Found a blossoming altar of Fedhas.
  4864 | D:6      | Reached skill level 11 in Maces & Flails
  5453 | D:7      | Reached skill level 12 in Maces & Flails
  5453 | D:7      | Reached XP level 9. HP: 23/51 MP: 9/9
  5703 | D:7      | Found a staircase to the Ecumenical Temple.
  6255 | D:8      | Noticed Edmund
  6278 | D:8      | Killed Edmund
  6392 | D:7      | Reached skill level 5 in Armour
  6793 | D:8      | Found a radiant altar of Vehumet.
  7256 | D:8      | Found a shadowy altar of Dithmenos.
  7408 | D:9      | Reached XP level 10. HP: 51/56 MP: 10/10
  7501 | D:9      | Noticed Erolcha
  7697 | D:9      | Acquired Okawaru's second power
  7812 | D:9      | Paralysed by a giant eyeball for 2 turns
  7850 | D:9      | Reached skill level 10 in Armour
  7887 | D:9      | Found a shimmering altar of Xom.
  8010 | D:10     | Entered Level 10 of the Dungeon
  8018 | D:10     | Noticed a hill giant
  8214 | D:10     | Noticed a hill giant
  8221 | D:10     | Killed a hill giant
  8221 | D:10     | Received a gift from Okawaru
  8586 | D:10     | Reached XP level 11. HP: 28/60 MP: 11/11
  8748 | D:10     | Found a staircase to the Lair.
  8852 | D:10     | Reached skill level 13 in Armour
  8989 | D:10     | Noticed a hill giant
  8989 | D:10     | Paralysed by a giant eyeball for 4 turns
  9026 | D:10     | Killed a hill giant
  9035 | D:10     | Noticed a hill giant
  9055 | D:10     | Killed a hill giant
  9102 | D:10     | Paralysed by a giant eyeball for 2 turns
  9377 | D:10     | Reached skill level 14 in Armour
  9433 | Lair:1   | Entered Level 1 of the Lair of Beasts
  9509 | Lair:1   | Noticed a five-headed hydra
  9519 | Lair:1   | Killed a five-headed hydra
  9671 | Lair:1   | Reached skill level 5 in Shields
 10156 | Lair:1   | Received a gift from Okawaru
 10159 | Lair:1   | Got an ancient buckler {god gift}
 10168 | Lair:1   | Identified the +3 buckler "Khophif" {Dex+4 Int+3} (Okawaru gifted it to you on level 1 of the Lair of Beasts)
 10451 | Lair:2   | Reached skill level 1 in Invocations
 10577 | Lair:2   | Reached XP level 12. HP: 23/68 MP: 15/18
 10913 | Lair:2   | Reached skill level 5 in Invocations
 11498 | Lair:2   | Noticed an eight-headed hydra
 11510 | Lair:2   | Killed an eight-headed hydra
 11994 | Lair:3   | Received a gift from Okawaru
 12036 | Lair:3   | Noticed Gastronok
 12039 | Lair:3   | Noticed an eight-headed hydra
 12051 | Lair:3   | Killed an eight-headed hydra
 12090 | Lair:3   | Killed Gastronok
 12090 | Lair:3   | Reached skill level 10 in Invocations
 12250 | Lair:3   | Found a frozen archway.
 13060 | Lair:4   | Received a gift from Okawaru
 13072 | Lair:4   | Noticed Nergalle
 13349 | Lair:4   | Killed Nergalle
 13463 | Lair:4   | Reached XP level 13. HP: 72/72 MP: 28/28
 13547 | Lair:4   | Gained mutation: Your natural rate of healing is unusually fast. [potion of beneficial mutation]
 13699 | Lair:4   | Noticed Maud
 13727 | Lair:4   | Killed Maud
 13917 | Lair:4   | Noticed Bonarez's ghost (powerful OpAK)
 13935 | Lair:4   | Cast into the Abyss (Bonarez's ghost)
 13951 | Abyss:1  | Found an iron altar of Okawaru.
 13961 | Abyss:1  | Noticed a starcursed mass
 13961 | Abyss:1  | Noticed a tentacled starspawn
 14011 | Abyss:1  | Found a corrupted altar of Lugonu.
 14107 | Abyss:1  | Noticed a green death
 14125 | Abyss:1  | Killed a green death
 14227 | Abyss:1  | Noticed a tentacled starspawn
 14686 | Abyss:1  | Got a twisted bow
 15957 | Abyss:1  | Found a corrupted altar of Lugonu.
 15963 | Abyss:1  | Noticed a cacodemon
 15994 | Abyss:1  | Noticed a starcursed mass
 15994 | Abyss:1  | Slain by a thrashing horror

Action                   |  1- 3 |  4- 6 |  7- 9 | 10-12 | 13-15 || total
-------------------------+-------+-------+-------+-------+-------++-------
Melee: Flail             |   128 |       |    87 |  1049 |   221 ||  1485
       Mace              |    39 |   204 |   336 |       |       ||   579
Throw: Tomahawk          |       |       |     1 |       |       ||     1
Invok: Heroism           |       |     1 |     7 |    10 |     3 ||    21
       Finesse           |       |       |       |     2 |     1 ||     3
Evoke: Wand              |     1 |       |     4 |     1 |     1 ||     7
  Use: Scroll            |       |    10 |     7 |     7 |     5 ||    29
       Potion            |       |     1 |       |     4 |    13 ||    18
 Stab: Confused          |     1 |       |       |       |       ||     1
